 Dungeon Crawl Stone Soup version 0.25.0-11-g1f837a76a1 (webtiles) character file.

Game seed: 1064099675578085282

192 Esekla the Grave Robber (level 5, -1/34 HPs)
             Began as an Octopode Necromancer on June 27, 2020.
             Killed from afar by an orc wizard (8 damage)
             ... with a magic dart
             ... on level 3 of the Dungeon.
             The game lasted 00:12:37 (2908 turns).

Esekla the Grave Robber (Octopode Necromancer)      Turns: 2908, Time: 00:12:38

Health: -1/34      AC:  1    Str:  8    XL:     5   Next: 71%
Magic:  1/10       EV: 14    Int: 18    God:
Gold:   149        SH:  0    Dex: 12    Spells: 6/10 levels left

rFire    . . .     SeeInvis .   c - +0 dagger
rCold    . . .     Gourm    .   (no shield)
rNeg     . . .     Faith    .   (helmet restricted)
rPois    .         Spirit   .   (no amulet)
rElec    .         Reflect  .   n - ring of wizardry
rCorr    .         Harm     .   (no ring)
MR       .....                  (no ring)
Stlth    +++.......             (no ring)
HPRegen  0.11/turn              (no ring)
MPRegen  0.12/turn              (no ring)
                                (no ring)
                                (no ring)

@: no status effects
A: almost no armour, stealthy swim, amphibious, 8 rings, constrict 8, camouflage
1, gelatinous body 1
a: no special abilities


You were on level 3 of the Dungeon.
You were hungry.

You visited 1 branch of the dungeon, and saw 4 of its levels.

You collected 149 gold pieces.

Inventory:

Hand Weapons
 c - a +0 dagger (weapon)
Jewellery
 n - a ring of wizardry (left tentacle)
Scrolls
 a - 3 scrolls of remove curse {unknown}
 e - a scroll of fog {unknown}
 f - a scroll of enchant weapon {unknown}
 h - 3 scrolls of teleportation {unknown}
 i - a scroll of identify {unknown}
 k - a scroll of blinking {unknown}
 l - a scroll of immolation {unknown}
Potions
 d - 2 potions of stabbing {unknown}
 g - a potion of flight {unknown}
 j - a potion of magic {unknown}
 m - a potion of brilliance {unknown}
Comestibles
 b - 4 rations


   Skills:
 * Level 2.0 Fighting
 + Level 1.2 Short Blades
 * Level 3.0 Dodging
 + Level 3.5 Stealth
 * Level 3.3 Spellcasting
 + Level 4.3 Necromancy


You had 6 spell levels left.
You knew the following spells:

 Your Spells              Type           Power        Failure   Level  Hunger
a - Pain                  Necr           ###.         1%          1    None
d - Vampiric Draining     Necr           ###.......   3%          3    ###....

Your spell library contained the following spells:

 Spells                   Type           Power        Failure   Level  Hunger
 Animate Skeleton         Necr           N/A          1%          1    None
 Animate Dead             Necr           N/A          11%         4    ####...
 Agony                    Necr           ###.....     28%         5    ######.


Dungeon Overview and Level Annotations

Branches:
Dungeon (4/15)
 Temple: D:4-7

Altars:
Uskayaw


Innate Abilities, Weirdness & Mutations

You cannot wear most types of armour.
You are very stealthy in the water. (Stealth+)
You are amphibious.
You can wear up to eight rings at the same time.
You can use your tentacles to constrict eight enemies at once.
Your skin changes colour to match your surroundings (Stealth+).
Your rubbery body absorbs attacks. (AC +1, EV +1)


Message History

Aiming: Vampiric Draining (dangerous; 3% risk of failure)
Press: ? - help, Shift-Dir - straight line You feel life coursing into your body.
Something hits you.
Casting: Vampiric Draining (dangerous; 3% risk of failure)
Confirm with . or Enter, or press ? or * to list all spells.
Aiming: Vampiric Draining (dangerous; 3% risk of failure)
Press: ? - help, Shift-Dir - straight line Reactivating autopickup.
You feel a bit more experienced.
You feel life coursing into your body.
The orc wizard mumbles some strange words.
The orc wizard blinks!
You barely miss the orc. Your grab misses the orc. You squeeze the orc!
You kill the orc!
Your Fighting skill increases to level 2!
The orc wizard casts a spell at you. The magic dart hits you!
* * * LOW HITPOINT WARNING * * *
The orc wizard gestures at you while chanting.
The magic dart hits you!
You die...

##### ##...## ##.....##
#.......# #.......#
####.......#
############.).@.o...##
##...##.......##......##
.........<.#####.......#
######......####.......#
## #...>..#..........#
.#####........###.....##
....8#......### ##...##
.#####.....## ##### ##
#.....#


You could see an orc wizard (fast).

Vanquished Creatures
  Natasha (twice) (D:2)
  An orc wizard (D:3)
  5 adders
  An ooze (D:3)
  A worm (D:2)
  2 dart slugs (D:1)
  A leopard gecko (D:1)
  An orc (D:3)
  A ball python (D:1)
  4 bats
  4 giant cockroaches
  7 goblins
  6 hobgoblins (D:1)
  7 jackals
  9 kobolds
  3 frilled lizards
  3 rats
58 creatures vanquished.

Notes
Turn   | Place    | Note
-------+----------+-------------------------------------------
     0 | D:1      | Esekla the Octopode Necromancer began the quest for the
                  | Orb.
     0 | D:1      | Reached XP level 1. HP: 11/11 MP: 3/3
   116 | D:1      | Reached XP level 2. HP: 5/17 MP: 5/5
   636 | D:1      | Reached XP level 3. HP: 14/22 MP: 2/6
   641 | D:1      | Learned a level 3 spell: Vampiric Draining
   800 | D:1      | Reached skill level 1 in Fighting
  1479 | D:2      | Reached XP level 4. HP: 19/28 MP: 1/8
  1715 | D:2      | Noticed Natasha
  1726 | D:2      | Killed Natasha
  1814 | D:2      | Noticed Natasha
  1823 | D:2      | Killed Natasha
  1823 | D:2      | Reached skill level 1 in Short Blades
  2028 | D:2      | Reached XP level 5. HP: 29/33 MP: 3/9
  2758 | D:3      | Found a hide-covered altar of Uskayaw.
  2908 | D:3      | Killed from afar by an orc wizard

Illustrated notes

Levels and vault maps discovered:
D:1:      minmay_arrival_split_and_join, layout_loops_ring
D:2:      layout_basic, uniq_natasha
D:3:      layout_rooms, marbit_many_paths, chequers_jeans
D:4:      layout_cave_pools, bloody_makhleb, serial_glass, glass_columns_c,
          glass_columns_b, supply_closet_lemuel, minmay_lizard_king, uniq_ijyb

Skill      XL: |  1  2  3  4  5 |
---------------+----------------+-----
Fighting       | 1 2 |  2.0
Stealth        | 3 |  3.5
Short Blades   | 1 |  1.2
Spellcasting   | 3 |  3.3
Dodging        | 3 |  3.0
Necromancy     | |  4.3

Action                   |  1- 3 |  4- 6 || total
-------------------------+-------+-------++-------
Melee: Dagger            |    83 |    54 ||   137
       Constrict         |    25 |    10 ||    35
       Tentacles         |    10 |     4 ||    14
 Cast: Pain              |    17 |       ||    17
       Vampiric Draining |     3 |     9 ||    12
 Stab: Sleeping          |     3 |     9 ||    12
  Eat: Chunk             |     2 |     5 ||     7
Armor: Skin              |     5 |       ||     5
Dodge: Dodged            |    50 |    23 ||    73
